 Dungeon Sprint DCSS version 0.03.2.1-42-g860841ac0a (webtiles) character file.

Game seed: 1644208442107101929, levelgen mode: deterministic

50 esc the Archer (level 3, -11/29 HPs) Centaur Hunter. Began on Jan 25, 2021. Mangled by a water elemental (21 damage) ... in the Dungeon (Sprint III: "The Ten Rune Challenge"). The game lasted 00:01:07 (148 turns).

esc the Archer (Centaur Hunter)                      Turns: 148, Time: 00:01:08

Health: -11/29     AC:  4    Str: 14    XL:     3 ^: 25
Magic:  3/3        EV:  9    Int: 10    God:
Gold:   13         SH:  0    Dex: 10    Spells: 2/2 levels left

rFire    . . .     Vision   .   a - +1 shortbow
rCold    . . .     Gourm    .   (also wielding the above weapon)
rNeg     . . .     Faith    .   c - +0 leather armour
rPois    .         Spirit   .   (no helmet)
rElec    .         Reflect  .   (no cloak)
rCorr    .         Harm     .   (no gloves)
MR       .....     NoTele   +   (no barding)
Stlth    +.........             (no amulet)
HPRegen  0.19/turn              (no ring)
MPRegen  0.13/turn              (no ring)

@: engulfed (cannot breathe), very quick
A: large, hooves 3, deformed body, speed 2, tough skin 3
a: no special abilities


You were in the Dungeon.
You were not hungry.

You visited 1 branch You collected 13 gold pieces.

Inventory:

Weapons
 a - a +1 shortbow (weapon)
 b - a +0 short sword
Armour
 c - a +0 leather armour (worn)
Scrolls
 j - a scroll of blinking
 l - a scroll of fear
 m - 2 scrolls of bless item
 n - a scroll of immolation
 p - a scroll of holy word
 q - a scroll of amnesia
 r - a scroll of vulnerability
Potions
 e - 2 potions of curing
 f - a potion of heal wounds
 g - a potion of haste
 h - 2 potions of magic
 i - 2 potions of berserk rage
 o - 3 potions of mutation
 s - a potion of lignification
Comestibles
 d - 3 rations
 k - 8 chunks of flesh


   Skills:
 - Level 2.0 Fighting
 + Level 10.6 Bows
 - Level 1.3 Dodging
 - Level 0.4 Stealth


You had 2 spell levels left.
You didn't know any spells.
Your spell library was empty.

Dungeon Overview and Level Annotations

Branches:
Dungeon (1/1)

Altars:


Innate Abilities, Weirdness & Mutations

You have hooves in place of feet.
Armour fits poorly on your strangely shaped body.
You cover ground very quickly.
You have extremely tough skin. (AC +3)


Message History

You shoot an arrow. The arrow hits the water elemental (6).
The water elemental is severely damaged. (9/28) HP
Aiming:
a - a +1 shortbow, Range: 1 (25%)
Press: ? - help, Shift-Dir - straight line, f/p - water elemental
Aim: a water elemental (severely damaged (9/28))
You shoot an arrow. The arrow hits the water elemental (3).
The water elemental is severely damaged. (6/28) HP The water elemental hits you (16)!
Ouch! That really hurt!
The water elemental engulfs you in water!
Unknown command.
Aiming:
a - a +1 shortbow, Range: 1 (25%)
Press: ? - help, Shift-Dir - straight line, f/p - water elemental
Aim: a water elemental (severely damaged (6/28))
You shoot an arrow. The arrow hits the water elemental (2).
The water elemental is almost destroyed. (4/28) HP Your lungs strain for air!
The water elemental hits you (21)!!
Ouch! That really hurt!
You die...

▓▓▓▓▓▓▓▓ ▓▓▓ <..#)..####
##.# ...#......#####..#
..##.......#..#..#
##.##.##÷.÷#..#..# #+#+#
##.##.###..##'#..#......
#.####.##..###..@E.⌠....
.###..##÷.####...#...###
#..÷..##..###....# ⌠.#
###÷.##...##.....# .#
##..##....#......# #
#..###..##.#.....# #).#
#..#####....# ▓▓▓▓ ▓▓▓▓
▓▓▓▓▓▓


You could see a water elemental.

Vanquished Creatures
  Jessica (D)
  A human (D)
  A phantom (D)
  3 rats (D)
6 creatures vanquished.

Vanquished Creatures (others)
  A yaktaur (D)
  A plant (D)
2 creatures vanquished.

Grand Total: 8 creatures vanquished

Notes
Turn   | Place    | Note
-------+----------+-------------------------------------------
     0 | D        | esc the Centaur Hunter began the quest for the Orb.
     0 | D        | Reached XP level 1. HP: 17/17 MP: 1/1
    12 | D        | Reached skill level 6 in Bows
    30 | D        | Noticed Jessica
    31 | D        | Killed Jessica
    31 | D        | Reached skill level 9 in Bows
    31 | D        | Reached XP level 2. HP: 24/24 MP: 2/2
    70 | D        | Reached skill level 10 in Bows
    70 | D        | Reached XP level 3. HP: 29/29 MP: 3/3
   137 | D        | Killed a yaktaur
   144 | D        | Noticed a water elemental
   148 | D        | Mangled by a water elemental

Levels and vault maps discovered:
D:        dungeon_sprint_mu [sprint_mu_entry_cave, sprint_mu_temple_rooms,
          sprint_mu_d1_horrors, sprint_mu_d2_genie, sprint_mu_d3_branching,
          sprint_mu_orc_legion, sprint_mu_elf_gauntlet, sprint_mu_hive_nellie,
          sprint_mu_lair_fedhas, sprint_mu_vaults_butterflies,
          sprint_mu_slime_circle, sprint_mu_swamp_cave, sprint_mu_shoals_archi,
          sprint_mu_blade_basic, sprint_mu_crypt_chambers,
          sprint_mu_tomb_spiral, sprint_mu_vestibule_basic,
          sprint_mu_gehenna_hellfire, sprint_mu_dis_giant,
          sprint_mu_tartarus_statrot, sprint_mu_cocytus_islands, sprint_mu_zot1]

Skill      XL: |  1  2 |
---------------+-------+-----
Bows           | 9 10 | 10.6
Fighting       | |  2.0
Dodging        | |  1.3
Stealth        | |  0.4

Action                   || total
-------------------------++-------
 Fire: Shortbow          ||    23
Dodge: Dodged            ||     1
